 Seeded DCSS version 0.27-a0-1557-g57f10a385c (webtiles) character file.

Game seed: 20210716 (custom seed)

5487 Sopht the Spear-Bearer (level 10, -3/63 HPs)
             Began as a Tengu Berserker on July 16, 2021.
             Was a Priest of Trog.
             Engulfed by a cloud of freezing vapour (25 damage)
             ... on level 8 of the Dungeon.
             The game lasted 01:06:46 (9581 turns).

Sopht the Spear-Bearer (Tengu Berserker)            Turns: 9581, Time: 01:06:46

Health: -3/63      AC:  7    Str: 20 (21) XL:     10   Next: 69%
Magic:  11/11      EV: 16    Int:  4 (7)  God:    Trog [***...]
Gold:   228        SH:  0    Dex: 11 (14) Spells: 9/9 levels left

rFire    + . .     SeeInvis .   a - +0 spear
rCold    . . .     Faith    .   (no shield)
rNeg     . . .     Spirit   .   E - +1 ring mail {Will+}
rPois    +         Reflect  .   (helmet restricted)
rElec    .         Harm     .   (no cloak)
rCorr    +         Rampage  .   (no gloves)
Will     +++..     Rnd*Rage +   (boots unavailable)
Stlth    +++.......             l - amulet of regeneration
HPRegen  2.20/turn              i - ring of protection from cold
MPRegen  0.12/turn              d - ring of the Freezing Saviour {Fire rCorr Slay+3}

@: strong-willed, flying quickly and evasively, regenerating, quick
A: beak, talons 3, nimble flight, camouflage 1, berserk 2, poison resistance
a: Renounce Religion, Berserk, Trog's Hand


You were on level 8 of the Dungeon.
You worshipped Trog.
Trog was most pleased with you.
You visited 2 branches of the dungeon, and saw 9 of its levels.
You also visited: Sewer.

You collected 403 gold pieces.
You spent 175 gold pieces at shops.

Inventory:

Hand Weapons
 a - a +0 spear (weapon)
 B - a +1 dagger of electrocution
 F - a +2 rapier of speed
 P - a +5 morningstar
 Q - a +1 trident
Missiles
 m - 7 boomerangs (quivered)
 t - 34 poisoned darts
 u - 3 curare-tipped darts
 A - 2 throwing nets
 R - 4 atropa-tipped darts
Armour
 b - a +0 animal skin
 y - a +0 leather armour
 E - a +1 ring mail of willpower (worn)
 H - a +1 leather armour of poison resistance
 J - a +0 cloak
Jewellery
 d - the ring of the Freezing Saviour (right hand) {Fire rCorr Slay+3}
   (You found it on level 5 of the Dungeon)

   [ring of fire]

   It enhances your fire magic.
   Slay:      It affects your accuracy & damage with ranged weapons and melee
   (+3).
   rF:        It protects you from fire.
   rC:        It makes you vulnerable to cold.
   rCorr:     It protects you from acid and corrosion.
 i - a ring of protection from cold (left hand)
 l - an amulet of regeneration (around neck)
Wands
 L - a wand of flame (16)
 O - a wand of acid (8)
Scrolls
 e - 4 scrolls of identify
 h - 2 scrolls of summoning
 n - a scroll of teleportation
 q - 2 scrolls of vulnerability
 r - a scroll of holy word {unknown}
 s - a scroll of fog {unknown}
 w - a scroll of magic mapping {unknown}
 C - 2 scrolls of noise {unknown}
 D - a scroll of torment {unknown}
 I - 3 scrolls of immolation {unknown}
 K - a scroll of silence {unknown}
 S - a scroll of amnesia {unknown}
 T - a scroll of enchant weapon {unknown}
 U - a scroll of enchant armour {unknown}
 V - a scroll of brand weapon {unknown}
Potions
 c - a potion of lignification
 f - 3 potions of curing
 g - a potion of haste
 k - a potion of degeneration
 p - 2 potions of resistance


   Skills:
 + Level 7.0 Fighting
 + Level 9.9 Polearms
 + Level 1.6 Throwing
 + Level 8.3 Armour
 + Level 7.5 Dodging
 + Level 5.9 Stealth


You had 9 spell levels left.
You didn't know any spells.
Your spell library was empty.

Dungeon Overview and Level Annotations

Branches:
Dungeon (8/15)             Temple (1/1) D:6           Sewer (visited)
   Lair: D:8-11

Altars:
Ashenzari
Cheibriados
Dithmenos
Elyvilon
Gozag
Hepliaklqana
Kikubaaqudgha
Makhleb
Nemelex Xobeh
Okawaru
Qazlal
Ru
Sif Muna
Trog
Uskayaw
Vehumet
Wu Jian
Xom
Yredelemnul
Zin
The Shining One

Shops:
D:1 [

Annotations:
D:8 1 transporter


Innate Abilities, Weirdness & Mutations

You have a beak for a mouth.
You have claws for feet.
Your magical nature lets you fly swiftly and evasively.
Your skin changes colour to match your surroundings (Stealth+).
You often lose your temper in combat.
Your system is resistant to poisons. (rPois)


Message History

You feel nature experimenting on you.
Don't worry, failures die fast.
Your skin functions as natural camouflage.
Really quaff the potion of mutation?
You feel extremely strange. The horns on your head shrink away.
Nature stops experimenting on you.
You feel a little pissed off.
You feel angry.
You feel resistant to poisons.
It was a potion of magic.
Magic courses through your body.
It was a potion of brilliance.
You feel clever all of a sudden.
It was a potion of flight.
You feel more buoyant.
It was a potion of cancellation.
Your magical effects are unravelling.
You feel magically purged.
You feel a little less mighty now.
You feel a little less clever now.
You feel less attractive to monsters.
As you read the scroll labelled DOWNIO HULAEGH, it crumbles to dust.
It is a scroll of identify.
h - 2 scrolls of summoning
As you read the scroll of identify, it crumbles to dust.
n - 2 scrolls of teleportation
As you read the scroll of teleportation, it crumbles to dust.
You feel strangely unstable.
Your surroundings suddenly seem different.
There is a transporter here.
You enter the transporter and appear at another place.
You see here a +0 short sword.
As you read the scroll labelled QONIUL ALOYM, it crumbles to dust.
Magic quickly surges around you.
It was a scroll of vulnerability.
You feel your willpower return.
Really fly into that cloud of freezing vapour?
Really fly into a travel-excluded area?
You are engulfed in freezing vapours.
There is an open gate here.
You are engulfed in freezing vapours.
You are engulfed in freezing vapours.
Your skin crawls.
You feel strong-willed.
You are engulfed in freezing vapours.
You die...

#≈...##.#
###.################.
.#≈..##.# #....## ##
..#≈..#.#####.#...#
...#≈.........#.©.##
#.#≈....##############
.#≈#.#..# #°○°$©!°°☼#
..#≈...># #°°○$![°○°#
:..#≈#######☼○☼○°☼°○°#
#...#≈.....#○°○○@°☼○°#
≈#..≈..###.#°°°°°○°○○#
#≈#≈..## #.####○°☼####
##≈#### #..#°°[....#
### ##.#○°#.#☼○# #
#.#°☼.).☼°# #
#.#○○#©#°○# #
#.#°°°☼○°°# #
#.#°..°○○○#


There were no monsters in sight!

Vanquished Creatures
  A two-headed ogre (D:7)
  A hornet (D:8)
  The ghost of Demosthentine the Poker, an amateur MfGl of the Shining One (D:4)
  Eustachio (D:5)
  A steam dragon (D:7)
  4 humans (D:8)
  A water moccasin (D:7)
  An orc warrior (D:7)
  2 black bears
  A necrophage (D:6)
  5 ice beasts
  An ogre (D:4)
  A centaur (D:8)
  A wyvern zombie (D:7)
  2 bullfrogs
  9 kobold brigands (Sewer)
  3 scorpions
  A hornet simulacrum (D:8)
  7 killer bees
  4 wights (D:8)
  5 howler monkeys (D:8)
  An electric eel (D:8)
  A centaur zombie (D:8)
  2 jellies
  2 orc priests
  A hound (D:7)
  Crazy Yiuf (D:5)
  A gnoll shaman (D:8)
  3 iron imps (D:8)
  4 iguanas
  3 orc wizards
  A hound skeleton (D:4)
  7 gnolls
  7 adders
  2 river rats (Sewer)
  A shadow imp (D:6)
  2 white imps
  4 worms
  The ghost of DocClef the Covert, a weakling GnDe of Wu Jian (D:6)
  3 dart slugs
  12 orcs
  7 bats
  10 endoplasms
  4 giant cockroaches
  6 goblins
  7 hobgoblins
  7 kobolds
  5 quokkas
  10 ball pythons
  4 frilled lizards (D:1)
  6 rats
178 creatures vanquished.

Vanquished Creatures (others)
  A plant (D:7)
1 creature vanquished.

Grand Total: 179 creatures vanquished

Notes
Turn   | Place    | Note
-------+----------+-------------------------------------------
     0 | D:1      | Sopht the Tengu Berserker began the quest for the Orb.
     0 | D:1      | Reached XP level 1. HP: 14/14 MP: 2/2
   408 | D:1      | Reached XP level 2. HP: 13/19 MP: 3/3
   678 | D:1      | Found Pough's Antique Armour Shoppe.
   695 | D:1      | Reached XP level 3. HP: 23/23 MP: 4/4
  1231 | D:1      | Reached ** piety under Trog
  1355 | D:2      | Noticed a scorpion
  1367 | D:2      | Killed a scorpion
  1368 | D:2      | Reached skill level 4 in Polearms
  1368 | D:2      | Reached XP level 4. HP: 13/29 MP: 5/5
  1371 | D:2      | Reached skill level 1 in Stealth
  1947 | D:2      | Found a faded altar of an unknown god.
  2303 | D:3      | Gained mutation: Your magical nature lets you fly swiftly
                  | and evasively. [Tengu growth]
  2303 | D:3      | Reached XP level 5. HP: 33/33 MP: 6/6
  2429 | D:3      | Found a sacrificial altar of Ru.
  2926 | D:4      | Found a shimmering altar of Xom.
  2926 | D:4      | Found a bloodstained altar of Trog.
  3001 | D:4      | Noticed an ogre
  3020 | D:4      | Killed an ogre
  3035 | D:4      | Found a glowing drain.
  3061 | Sewer    | Entered a sewer
  3100 | Sewer    | Reached XP level 6. HP: 38/38 MP: 7/7
  3102 | Sewer    | Reached skill level 5 in Polearms
  3342 | Sewer    | Reached XP level 7. HP: 25/43 MP: 8/8
  3350 | Sewer    | Reached skill level 6 in Polearms
  3730 | Sewer    | Reached skill level 7 in Polearms
  3764 | Sewer    | Reached XP level 8. HP: 48/48 MP: 9/9
  3859 | Sewer    | Reached skill level 5 in Dodging
  3952 | D:4      | Reached *** piety under Trog
  3953 | D:4      | Reached skill level 5 in Fighting
  4129 | D:4      | Found a transporter.
  4129 | D:4      | Noticed Demosthentine's ghost (amateur MfGl)
  4140 | D:4      | Found a transporter.
  4261 | D:4      | Identified the +1 robe "Ygeiwan" {Fly Regen+ Str-2 Int+7}
  4743 | D:1      | Bought a runed ring mail for 175 gold pieces
  4866 | D:4      | Killed Demosthentine's ghost
  4867 | D:4      | Reached skill level 8 in Polearms
  5031 | D:5      | Entered Level 5 of the Dungeon
  5243 | D:5      | Identified the ring of the Freezing Saviour {Fire rCorr
                  | Slay+3}
  5599 | D:5      | Found a runed translucent door.
  5600 | D:5      | Noticed Crazy Yiuf
  5836 | D:5      | Noticed Eustachio
  5851 | D:5      | Killed Eustachio
  6049 | D:5      | Killed Crazy Yiuf
  6050 | D:5      | Reached XP level 9. HP: 54/54 MP: 10/10
  6160 | D:6      | Reached skill level 5 in Armour
  6463 | D:6      | Found an ancient bone altar of Kikubaaqudgha.
  6601 | D:6      | Found a staircase to the Ecumenical Temple.
  6643 | Temple   | Entered the Ecumenical Temple
  6959 | D:6      | Found a large runed translucent door.
  6959 | D:6      | Found a large runed translucent door.
  6962 | D:6      | Noticed DocClef's ghost (weakling GnDe)
  6970 | D:6      | Killed DocClef's ghost
  7438 | D:7      | Found an iron altar of Okawaru.
  7606 | D:7      | Noticed a two-headed ogre
  7615 | D:7      | Killed a two-headed ogre
  7616 | D:7      | Reached skill level 9 in Polearms
  7727 | D:7      | Found a stormy altar of Qazlal.
  7728 | D:7      | Found a basalt altar of Yredelemnul.
  7744 | D:7      | Found an opulent altar of Gozag.
  7762 | D:7      | Reached skill level 5 in Stealth
  7762 | D:7      | Reached XP level 10. HP: 60/60 MP: 11/11
  7800 | D:7      | Found a white marble altar of Elyvilon.
  8117 | D:8      | Paralysed by a hornet for 3 turns
  8156 | D:8      | Reached skill level 1 in Throwing
  8370 | D:8      | Found a burning altar of Makhleb.
  8702 | D:8      | Found a transporter.
  8809 | D:8      | Found a transporter.
  9412 | D:8      | Gained mutation: You have a pair of small horns on your
                  | head. [potion of mutation]
  9412 | D:8      | Gained mutation: You evolve. [potion of mutation]
  9412 | D:8      | Gained mutation: Your skin changes colour to match your
                  | surroundings (Stealth+). [potion of mutation]
  9415 | D:8      | Lost mutation: You have a pair of small horns on your head.
                  | [potion of mutation]
  9415 | D:8      | Lost mutation: You evolve. [potion of mutation]
  9415 | D:8      | Gained mutation: You tend to lose your temper in combat.
                  | [potion of mutation]
  9415 | D:8      | Gained mutation: You often lose your temper in combat.
                  | [potion of mutation]
  9415 | D:8      | Gained mutation: Your system is resistant to poisons.
                  | (rPois) [potion of mutation]
  9581 | D:8      | Engulfed by a cloud of freezing vapour

Illustrated notes

Levels and vault maps discovered:
D:1:      minmay_arrival_open_corners, layout_basic, serial_shops, shop,
          corexii_leaking_fountain, minmay_hexomino_f4
D:2:      layout_rooms, ebering_ecumenical_altar_box, palyth_stone_intersect,
          hangedman_decor_growths
D:3:      layout_loops_ring, mainiacjoe_overflow_catwalk
D:4:      layout_loops_cross, gammafunk_temple_overflow_statue,
          portal_sewer_entry_f, gammafunk_ghost_arena
D:5:      layout_basic, uniq_crazy_yiuf_cottage, uniq_eustachio
D:6:      layout_loops_cross, lemuel_round_altar,
          minmay_temple_entry_large_hall, ebering_ghost_disaster_area
D:7:      layout_basic, mainiacjoe_overflow_tiny_flanked,
          mainiacjoe_overflow_small_starburst, nicolae_overflow_hidden_temple
D:8:      gammafunk_cloud_chamber, layout_basic, demons_altar,
          nicolae_water_bricks, minmay_curled_crystal, minmay_ruffians
Temple:   minmay_temple_curvy_loop

Skill      XL: |  1  2  3  4  5  6  7  8  9 10 |
---------------+-------------------------------+-----
Polearms       | 4 5 7 8 9 |  9.9
Dodging        | 3 4 5 6 7 |  7.5
Stealth        | 1 2 3 5 |  5.9
Fighting       | 4 5 6 7 |  7.0
Armour         | 4 7 8 |  8.3
Throwing       | 1 |  1.6

Action                   |  1- 3 |  4- 6 |  7- 9 | 10-12 || total
-------------------------+-------+-------+-------+-------++-------
Melee: Spear             |    54 |   109 |   288 |   157 ||   608
       Peck              |    14 |    21 |    61 |    34 ||   130
       Kick              |    19 |    27 |    94 |    67 ||   207
Throw: Boomerang         |       |       |     4 |     6 ||    10
Invok: Berserk           |     1 |     1 |     6 |     2 ||    10
       Trog's Hand       |       |     1 |    10 |     6 ||    17
  Use: Potion            |       |       |     4 |    13 ||    17
       Scroll            |       |       |       |     4 ||     4
 Stab: Sleeping          |     1 |     1 |     2 |     1 ||     5
       Distracted        |       |       |     1 |       ||     1
Armor: Animal skin       |    10 |    18 |     2 |       ||    30
       Ring mail         |       |       |    42 |    19 ||    61
       Leather armour    |       |       |     4 |       ||     4
Dodge: Dodged            |    32 |    71 |   212 |    82 ||   397

Table legend: (Time is in decaauts)
 A = Elapsed time spent in this place.
 B = Non-inter-level travel time spent in this place.
 C = Inter-level travel time spent in this place.
 D = Time resting spent in this place.
 E = Time spent auto-exploring this place.
 F = Levels seen in this place.
 G = Mean time per level.
                   A        B        C        D        E       F      G
               +--------+--------+--------+--------+--------+-----+--------+
         Total |   8918 |   8918 |      0 |      0 |   2038 |  10 |  891.8 |
       Dungeon |   7910 |   7910 |      0 |      0 |   2038 |   8 |  988.8 |
        Temple |    260 |    260 |      0 |      0 |      0 |   1 |  260.0 |
         Sewer |    748 |    748 |      0 |      0 |      0 |   1 |  748.0 |
               +--------+--------+--------+--------+--------+-----+--------+

Top non-repeatable levels by time:
     D:1: 1375 daAuts
     D:8: 1364 daAuts
     D:4: 1063 daAuts
     D:5: 972 daAuts
     D:2: 930 daAuts
     D:7: 823 daAuts
   Sewer: 748 daAuts
     D:6: 721 daAuts
     D:3: 659 daAuts
  Temple: 260 daAuts
